Cogmind - Beta 16.1 @@@ ROGUE MODE // 2026.02.12 @ 22:28:41 Player: Zoropirates Result: Destroyed by H-61 Shepherd with Heavy Assault Cannon Performance ------------- Evolutions (2) 1000 Regions Visited (4) 800 Robots Destroyed (52) 260 Value Destroyed (1355) 1355 Prototype IDs (3) 60 Alien Tech Used (0) 0 Bonus (0) 0 TOTAL SCORE: 3475 Bonus ------- None Cogmind --------- Core Integrity 0/550 Matter 232/300 Energy 21/100 System Corruption 0% Temperature Cool (81) Movement Core (150) Ox2 Location -8/Materials Parts ------- > --- POWER (2) -------- (None) > --- PROPULSION (3) --- (None) > --- UTILITY (4) ------ Visual Processing Unit > --- WEAPON (2) ------- Plasma Cannon > --- INVENTORY (5) ---- Structural Scanner Trap Extractor (0/4) Particle Gun Peak State ------------ > --- POWER ------------ Ion Engine Light Ion Engine > --- PROPULSION ------- Armored Treads Armored Treads Armored Treads > --- UTILITY ---------- Small Storage Unit Seismic Detector > --- WEAPON ----------- Particle Gun EM Pulse Cannon > --- INVENTORY -------- Structural Scanner Visual Processing Unit Trap Extractor EM Pulse Cannon Rocket Launcher [Rating: 19] Favorites ----------- Power Ion Engine Engine Ion Engine Propulsion Armored Treads Treads Armored Treads Leg Aluminum Leg Flight Unit Flight Unit Utility Small Storage Unit Device Seismic Detector Storage Small Storage Unit Processor Visual Processing Unit Weapon Rocket Launcher Energy Gun Particle Gun Energy Cannon EM Pulse Cannon Ballistic Gun Light Assault Rifle Launcher Rocket Launcher Build | -11 -10 -9 -9 -8 ------- Run | Yrd Mat Mat Min Mat Slots Evolved 4 | . . 2 . 2 Power 1 | . . 1 . . Propulsion 1 | . . 1 . . Utility 2 | . . . . 2 Weapon . | . . . . . Parts Attached 36 | 5 14 8 1 8 Power 6 | 1 1 3 . 1 Engine 6 | 1 1 3 . 1 Core . | . . . . . Reactor . | . . . . . Propulsion 10 | 2 4 3 1 . Treads 6 | 2 . 3 1 . Leg 2 | . 2 . . . Wheel . | . . . . . Hover . | . . . . . Flight 2 | . 2 . . . Utility 8 | . 5 1 . 2 Device 5 | . 3 1 . 1 Storage 2 | . 2 . . . Processor 1 | . . . . 1 Hackware . | . . . . . Protection . | . . . . . Artifact . | . . . . . Weapon 12 | 2 4 1 . 5 Energy Gun 2 | . 2 . . . Energy Cannon 4 | . . 1 . 3 Ballistic Gun 3 | 2 . . . 1 Ballistic Cannon . | . . . . . Launcher 3 | . 2 . . 1 Special Weapon . | . . . . . Impact Weapon . | . . . . . Slashing Weapon . | . . . . . Piercing Weapon . | . . . . . Special Melee Weapon . | . . . . . Unidentified Prototypes 1 | . . . . 1 Parts Lost 23 | . 8 1 1 13 Power 5 | . 1 1 1 2 Propulsion 5 | . 2 . . 3 Utility 4 | . 1 . . 3 Weapon 9 | . 4 . . 5 Highest Loss Streak 13 | . 3 1 1 13 To Critical Strikes . | . . . . . Average Backups 4 | 3 3 4 5 5 Power . | . . . . . Propulsion . | 1 . . . . Utility 2 | . 1 2 3 3 Weapon 1 | 1 1 1 2 2 Tool/Special . | . . . . . Unused Backups 1 | . 1 . . . Power . | . . . . . Propulsion 1 | . 1 . . . Utility . | . . . . . Weapon . | . . . . . Tool/Special . | . . . . . Average Slot Usage (%) 86 | . 88 88 94 73 Engine 11 | . 9 12 16 14 Treads 23 | . 19 30 33 24 Leg 1 | . 1 1 . . Flight 2 | . 4 . . . Device 11 | . 13 11 11 9 Storage 11 | . 13 11 11 8 Energy Gun 6 | . 4 11 11 5 Energy Cannon 3 | . . 5 11 8 Ballistic Gun 5 | . 9 . . . Launcher 7 | . 11 5 . 1 Peak Build Rating 19 | 5 11 19 19 19 Average Rating 11 | 3 8 17 17 16 On Entrance 10 | . 5 9 19 17 Avg Prop Armor Cover (%) 9 | . . 9 10 . Naked Turns . | . . . . . Heaviest Build 54 | 7 54 25 23 28 Greatest Support 60 | 40 40 60 60 60 Greatest Overweight (x) 6 | 1 6 . . 4 Average Overweight (x) . | . . . . . Largest Inventory Capacity 20 | 5 20 8 8 8 Average Capacity 8 | 5 9 8 8 7 Most Carried 8 | 5 8 6 7 7 Average Carried 4 | 3 3 4 5 5 Final Capacity 8 | 5 8 8 8 5 Final Carried 6 | 3 2 6 5 3 Class Distribution -------------------- 91% | Mutant 8% | Scavenger-Mutant Dominant Class ---------------- Mutant | -10/Materials Mutant | -9/Materials Scavenger-Mutant | -9/Mines Mutant | -8/Materials Resources | -11 -10 -9 -9 -8 ----------- Run | Yrd Mat Mat Min Mat Matter Collected 943 | 250 188 249 102 154 Remotely . | . . . . . Salvage Created 1427 | . 482 413 102 430 Parts 97 | . 40 27 5 25 Haulers Intercepted . | . . . . . Recyclers Shooed 2 | . 1 . . 1 Parts Field Recycled . | . . . . . Retrieved Matter . | . . . . . Parts Self-Destructed . | . . . . . Prevented . | . . . . . Parts Restored . | . . . . . Kills | -11 -10 -9 -9 -8 ------- Run | Yrd Mat Mat Min Mat Combat Hostiles Destroyed 37 | . 14 10 2 11 Guns 8 | . 5 2 1 . Cannons 5 | . . 2 1 2 AOE 23 | . 9 5 . 9 Classes Destroyed 11 | . 7 2 1 1 Worker 2 | . . 2 . . Builder 3 | . 3 . . . Tunneler 1 | . 1 . . . Recycler 3 | . 1 . . 2 Operator 1 | . 1 . . . Watcher 5 | . 2 2 . 1 Swarmer 10 | . 3 3 . 4 Grunt 22 | . 11 5 1 5 Brawler 2 | . . . 1 1 Sentry 2 | . . 2 . . Specialist 1 | . . . . 1 Best Kill Streak 14 | . 7 5 4 14 Combat Bots Only 11 | . 4 4 4 11 Max Kills in Single Turn 3 | . 3 3 1 2 Gunslinging . | . . . . . Exploded 2 | . 2 2 . 2 Melee . | . . . . . Uniques/NPCs Destroyed . | . . . . . Combat | -11 -10 -9 -9 -8 -------- Run | Yrd Mat Mat Min Mat Hostile Shots Fired 293 | . 50 46 6 191 Missed 106 | . 15 17 1 73 Hits 187 | . 35 29 5 118 Melee 3 | . . . 3 . Projectile 184 | . 35 29 2 118 Critical Strikes 6 | . 2 1 2 1 Damage Taken 3293 | . 910 332 102 1949 Core 818 | . 181 47 18 572 Absorbed by Shields . | . . . . . Core Remaining (%) 70 | 100 27 . 83 . Volleys Fired 90 | . 44 22 5 19 Largest 2 | . 2 2 2 2 Hottest 128 | . 98 128 128 96 Shots Fired 154 | . 71 40 10 33 Gun 76 | . 51 19 5 1 Cannon 40 | . . 16 5 19 Launcher 38 | . 20 5 . 13 Special . | . . . . . Kinetic 45 | . 44 . . 1 Thermal 29 | . 2 19 5 3 Explosive 38 | . 20 5 . 13 Electromagnetic 42 | . 5 16 5 16 Robot Hit Streak 9 | . 7 9 7 7 Robot Miss Streak 4 | . 4 3 1 3 Penetration Max . | . . . . . Secondary Targets . | . . . . . Shots Hit Robots 79 | . 34 26 7 12 Core Hits 77 | . 37 16 3 21 Critical Kills . | . . . . . Critical Parts Destroyed . | . . . . . Critical Strikes 2 | . . 2 . . Burn 1 | . . 1 . . Corrupt 1 | . . 1 . . Melee Attacks . | . . . . . Impact . | . . . . . Slashing . | . . . . . Piercing . | . . . . . Sneak Attacks . | . . . . . Combat Hostiles . | . . . . . Follow-up Attacks . | . . . . . Damage Inflicted 3509 | . 1434 923 135 1017 Guns 501 | . 226 205 60 10 Cannons 678 | . . 276 75 327 Explosions 2330 | . 1208 442 . 680 Melee . | . . . . . Ramming . | . . . . . Kinetic 223 | . 213 . . 10 Thermal 506 | . . 312 60 134 Explosive 2139 | . 1208 335 . 596 Electromagnetic 641 | . 13 276 75 277 Impact . | . . . . . Slashing . | . . . . . Piercing . | . . . . . Highest Corruption 5 | . . 1 5 . Average Corruption 1 | . . 1 4 . Corruption Purged . | . . . . . Corruption Blocked . | . . . . . Effects 3 | . . 3 . . Matter Fused 2 | . . 2 . . Weapon Failures 1 | . . 1 . . Overload Shots . | . . . . . Overflow Damage 77 | . 36 36 . 5 Projectiles . | . . . . . Explosions 77 | . 36 36 . 5 Melee . | . . . . . Knockbacks . | . . . . . Impact . | . . . . . Kinetic . | . . . . . Secondary . | . . . . . Self-Inflicted Damage 532 | . 355 27 . 150 Shots 14 | . 9 1 . 4 Rammed . | . . . . . Targets Rammed . | . . . . . Kicked . | . . . . . Crushed . | . . . . . Highest Temperature 482 | . 72 482 317 116 Average Temperature 108 | . 14 171 167 42 Received Heat Transfer 744 | . 267 87 12 378 Effects 8 | . . 8 . . Shutdowns 2 | . . 2 . . Energy Bleed 2 | . . 2 . . Interference 3 | . . 3 . . Short Circuit 1 | . . 1 . . Siege Activations . | . . . . . Martial Activations . | . . . . . Shielding Activations . | . . . . . Robots Disrupted . | . . . . . Combat Hostiles . | . . . . . Robots Corrupted 1 | . . 1 . . Combat Hostiles 1 | . . 1 . . Parts Fried 3 | . . 1 . 2 Impact Corruptions . | . . . . . Robots Melted . | . . . . . Combat Hostiles . | . . . . . Parts Melted . | . . . . . Heat Transferred 1003 | . . 655 148 200 Parts Sabotaged . | . . . . . Parts Stolen . | . . . . . Parts Stripped . | . . . . . Power Chain Reactions 2 | . . 1 . 1 Alert | -11 -10 -9 -9 -8 ------- Run | Yrd Mat Mat Min Mat Maximum Alert Level 1 | . 1 1 . 1 Low Security (%) 84 | 100 80 98 100 72 Level 1 15 | . 19 1 . 27 Level 2 . | . . . . . Level 3 . | . . . . . Level 4 . | . . . . . Level 5 . | . . . . . High Security . | . . . . . Max Security . | . . . . . Peak Influence 298 | . 240 216 124 298 Initial 96 | . . 96 84 40 Average 92 | . 83 128 107 88 Influence Increases 1414 | . 622 352 50 390 Destroy 0b10 Robot/C 740 | . 280 200 40 220 Destroy 0b10 Robot/NC 75 | . 40 20 . 15 Destroy Leader 190 | . 74 54 10 52 Successful Hack 13 | . 7 . . 6 Disable Machine 75 | . 60 15 . . Destroy Structure 261 | . 161 33 . 67 Lose Combat Pursuer 60 | . . 30 . 30 Influence Decreases 1220 | . 393 365 162 300 Entered New Map 329 | . . 133 132 64 Time Decay 674 | . 326 222 20 106 Lost Part 217 | . 67 10 10 130 Squads Dispatched 10 | . 4 2 . 4 Investigation 5 | . 2 1 . 2 Extermination . | . . . . . Reinforcement 5 | . 2 1 . 2 Assault . | . . . . . Garrison . | . . . . . Intercept . | . . . . . Searches Triggered . | . . . . . Construction Impeded . | . . . . . Haulers Reinforced . | . . . . . Active Scanning Responses . | . . . . . Cargo Convoy Interrupts . | . . . . . Stealth | -11 -10 -9 -9 -8 --------- Run | Yrd Mat Mat Min Mat Distress Signals 4 | . 1 1 . 2 Communications Jammed . | . . . . . Distress Signals . | . . . . . Times Spotted 64 | . 24 14 2 24 Peak Tracking Total 9 | . 3 4 2 9 Tactical Retreats 4 | . . 2 . 2 Traps | -11 -10 -9 -9 -8 ------- Run | Yrd Mat Mat Min Mat Traps Triggered 3 | . 2 . . 1 Indirectly . | . . . . . Trap Hack Attempts . | . . . . . Triggered . | . . . . . Disarmed . | . . . . . Reprogrammed . | . . . . . Reused . | . . . . . Traps Extracted . | . . . . . Installed . | . . . . . Triggered . | . . . . . Machines | -11 -10 -9 -9 -8 ---------- Run | Yrd Mat Mat Min Mat Machines Disabled 5 | . 4 1 . . Max in Single Turn 2 | . 2 1 . . Machines Repaired . | . . . . . Machines Dismantled . | . . . . . Machines Sabotaged . | . . . . . Overloaded Fab Kills . | . . . . . Hacking | -11 -10 -9 -9 -8 --------- Run | Yrd Mat Mat Min Mat Machines Accessed 4 | . 2 1 . 1 Terminals 4 | . 2 1 . 1 Fabricators . | . . . . . Repair Stations . | . . . . . Recycling Units . | . . . . . Scanalyzers . | . . . . . Garrison Access . | . . . . . Total Hacks 14 | . 7 4 . 3 Successful 7 | . 4 1 . 2 Failed 7 | . 3 3 . 1 Catastrophic . | . . . . . Database Lockouts . | . . . . . Manual . | . . . . . Terminals 14 | . 7 4 . 3 Fabricators . | . . . . . Repair Stations . | . . . . . Recycling Units . | . . . . . Scanalyzers . | . . . . . Garrison Access . | . . . . . Terminal Hacks 7 | . 4 1 . 2 Record 3 | . 1 . . 2 Robot Analysis 1 | . 1 . . . Prototype ID Bank 1 | . 1 . . . Dispatch Records 1 | . . 1 . . Maintenance Status 1 | . 1 . . . Fabricator Hacks . | . . . . . Repair Station Hacks . | . . . . . Recycling Unit Hacks . | . . . . . Scanalyzer . | . . . . . Garrison Access Hacks . | . . . . . Unauthorized Hacks . | . . . . . Terminals . | . . . . . Fabricators . | . . . . . Repair Stations . | . . . . . Recycling Units . | . . . . . Scanalyzers . | . . . . . Garrison Access . | . . . . . Data Cores Recovered . | . . . . . Used . | . . . . . Hacking Detections 4 | . 2 1 . 1 Full Trace Events 4 | . 2 1 . 1 Feedback Events 1 | . . 1 . . Corruption 1 | . . 1 . . Feedback Blocked . | . . . . . Robot Schematics Acquired . | . . . . . Robots Built . | . . . . . Authchips . | . . . . . Time . | . . . . . Total Robot Build Rating . | . . . . . Part Schematics Acquired . | . . . . . Parts Built . | . . . . . Authchips . | . . . . . Time . | . . . . . Total Part Build Rating . | . . . . . Part Studies Acquired . | . . . . . Parts Repaired . | . . . . . Time . | . . . . . Parts Recycled . | . . . . . Recycled Matter . | . . . . . Retrieved Matter . | . . . . . Retrieved Components . | . . . . . Parts Scanalyzed . | . . . . . Part Schematics Acquired . | . . . . . Parts Damaged . | . . . . . Bothacking | -11 -10 -9 -9 -8 ------------ Run | Yrd Mat Mat Min Mat Used RIF Installer . | . . . . . Robots Hacked . | . . . . . Non-combat . | . . . . . Combat . | . . . . . Robot Hacks Applied . | . . . . . Relay Couplers Released . | . . . . . Fabnet Peak Effective % . | . . . . . Robots Rewired . | . . . . . Allies Hacked . | . . . . . Hacks Repelled . | . . . . . Allies | -11 -10 -9 -9 -8 -------- Run | Yrd Mat Mat Min Mat Total Allies . | . . . . . Largest Group . | . . . . . Highest-Rated Group . | . . . . . Highest-Rated Ally . | . . . . . Total Orders . | . . . . . Ally Attacks . | . . . . . Total Damage . | . . . . . Kills . | . . . . . Allies Corrupted . | . . . . . Allies Melted . | . . . . . Intel | -11 -10 -9 -9 -8 ------- Run | Yrd Mat Mat Min Mat Active Infowar (turns) 1243 | . 398 475 52 318 Optics 53 | . . . . 53 Terrain 250 | . 250 . . . Structural 209 | . 148 61 . . Seismic 765 | . . 414 52 299 Robot Analysis Total 1 | . 1 . . . Derelict Logs Recovered . | . . . . . Drone Launches . | . . . . . Drone Recoveries . | . . . . . Exploration | -11 -10 -9 -9 -8 ------------- Run | Yrd Mat Mat Min Mat Turns Passed 1981 | 83 1053 475 52 318 Spaces Moved 830 | 47 389 235 21 138 Core 16 | 9 . . . 7 Treads 705 | 38 292 223 21 131 Legs 65 | . 53 12 . . Wheels . | . . . . . Hover . | . . . . . Flight 44 | . 44 . . . Fastest Speed 50 | 50 117 120 166 100 Average Speed 172 | 141 183 167 167 164 Slowest Speed 517 | 160 517 170 170 250 Overloaded Moves . | . . . . . Propulsion Burnouts . | . . . . . Robots Hopped . | . . . . . Potential Cave-ins 2 | . . . . 2 Cave-ins Triggered . | . . . . . Exploration Rate (%) 22 | 4 59 25 9 16 Regions Visited 4 Branch Regions 1 Pre-discovered Areas . | . . . . . Known Exits Taken . | . . . . . Unknown Exits Taken 4 | 1 1 1 1 . Scrap Searched . | . . . . . Spaces Dug 4 | . 4 . . . Terrain Destroyed 338 | . 171 29 . 138 Melee . | . . . . . Projectile 1 | . . . . 1 AOE 337 | . 171 29 . 137 Terrain Rammed . | . . . . . Walls Destroyed . | . . . . . Machines Disabled . | . . . . . Actions | -11 -10 -9 -9 -8 --------- Run | Yrd Mat Mat Min Mat Total 1235 | 64 670 275 29 197 Wait 220 | 5 196 . . 19 Move 826 | 46 388 234 20 138 Hop . | . . . . . Pick Up 41 | 8 16 9 1 7 Fast Attach . | . . . . . Attach 36 | 5 15 5 2 9 Detach 1 | . 1 . . . Swap 8 | . 3 3 . 2 Drop 13 | . 7 2 1 3 Fire 90 | . 44 22 5 19 Melee . | . . . . . Ram . | . . . . . Kick . | . . . . . Crush . | . . . . . Escape Stasis . | . . . . . Rewire . | . . . . . Trap . | . . . . . Miscellaneous . | . . . . . Route ------- -11/Scrapyard -10/Materials (discovered 2 exits: *Mat x2) -9/Materials -9/Mines -8/Materials History --------- Turn | Location | Event 12 | -11/Scrapyard | Discovered new exit (range 16) 84 | -11/Scrapyard | Entered Materials 314 | -10/Materials | Build established: Mutant 354 | -10/Materials | Discovered new exit (range 11) 453 | -10/Materials | Lost 3 parts (1p2w) 1031 | -10/Materials | Core integrity fell below 50% 1063 | -10/Materials | Lost 3 parts (1n1u1w) 1095 | -10/Materials | Discovered new exit (range 9) 1137 | -10/Materials | Entered another Materials area 1137 | -9/Materials | Evolved 2 slots: Power x1, Propulsion x1 1565 | -9/Materials | Discovered new exit (range 15) 1612 | -9/Materials | Entered Mines 1626 | -9/Mines | Met a Derelict bent on vengeance 1646 | -9/Mines | Discovered new exit (range 8) 1664 | -9/Mines | Entered Materials 1664 | -8/Materials | Evolved 2 slots: Utility x2 1958 | -8/Materials | Destroyed 11 combat bots 1964 | -8/Materials | Core integrity fell below 50% 1980 | -8/Materials | Core integrity fell below 20% 1982 | -8/Materials | Destroyed by H-61 Shepherd with Heavy Assault Cannon Last Messages --------------- The unstable cave ceiling collapses. U-05 Engineer builds a Wall. The unstable cave ceiling collapses. Penetrated by Slug. Seismic Detector destroyed. U-05 Engineer builds a Wall. Acquired Plasma Cannon. Penetrated by Slug. Sml. Storage Unit destroyed. U-05 Engineer builds a Wall. Acquired Plasma Cannon. U-05 Engineer lays Concrete. M-28 Smith repairs U-05 Engineer Wheel. U-05 Engineer lays Concrete. Critical hit (Burn: +37). U-05 Engineer lays Concrete. Slug penetrates Wall. U-05 Engineer builds a Wall. Plasma Cannon destroyed. U-05 Engineer builds a Wall. Map ----- +----------------------------------------------------+ | ??????????????????????????? | | ??????????????????????????? | | ??????????????????????????? | | ??????????????????????????? | | ??????????????????????????? | | ??????????????????????????? | | ??????????????????????????? | | ??????????????????????????? | | ??????????????????????????? | | ?????? ?#???????????????? | | ?????? #???????????????? | | ?????? #???????????????? | | ?????? #???????????????? | | ?????? #???????????????? | | ?????? #?? ? ??????????? | | ?????? g #? ? ??????????? | | ?????? ##+;#####???????? | | ????## +????????? | | ?#####Y #?????????? | | ?#== Yg #?????????? | | ?#== #?????????? | | ?#]] g%h #?????????? | | ?#]] =%[ #?????????? | | ?#]] u #?????????? | | ?#% ## #???????????????? | | ?#@ * # #???????????????? | | ?## = ##??????????????? | | ?# = % #??????????????? | | ?## % x ##??????????????? | | ?# # #??????????????? | | # % # ##??????????????? | | ## ## ##??????????????? | | # H# #???????????????? | | ## %= #???????????????? | | ?# # ## #???????????????? | | ?# *[ #?#?????????????? | | ?## ! #?????????????? | | ??# #% #! #???#?????????? | | ??## =##! ### ###???????? | | ???# ! #???????? | | ??? ! #???????? | | ??## #! ! ????????? | | ??# #### ???????????? | | ??## ##? ???????????? | | ??# #??????????????? | | ??# #??????????????? | | ??# #??????????????? | | ??# ##??????????????? | | ??## #???????????????? | | ???# #???????????????? | +----------------------------------------------------+ Best States ------------- Heat Dissipation 53 Energy Generation 17 Energy Capacity 415 Matter Stores 300 Matter Capacity 300 Sight Range 18 Terrain Scan Range 16 Terrain Scan Density 10 Evasion (%) 55 Recoil Reduction 3 Trap Extractor Capacity 4 Item Schematics ----------------- None Robot Schematics ------------------ None Fabricated ------------ Nothing Repaired ---------- Nothing Studied --------- None Alien Tech Used ----------------- None Achievements -------------- Heavy Suspicion Let's See Who's Tougher Remodeling Spot Them First Challenges ------------ None Game ------ Seed LinearGravmagMembrane Manual? 0 Play Time 00:30:14 Cumulative 1.5 hours Start 2026.02.12 @ 19:14:03 End 2026.02.12 @ 22:28:41 Sessions 3 Manual Loads 0 Difficulty Rogue Special Mode None Game No. 3 Rogue 3 Adventurer 0 Explorer 0 Win Type - Total 0 Types 0/0/0/0/0/0/0/0/0/0 Lore% 0 Gallery% 4 Achievement% 5 Wizard Run 0 Options --------- Layout 1 ASCII 0 Keyboard 0 Movement Arrows Keybinds 0 Fullscreen 1 Font 16/SmallcapsGlow Map View 50x40 Zoom Use 9% Tactical HUD 0 Map Filters NONE Filters NONE Steam SD RUN: c5f469d4-5da3-4ea1-bf71-eb645f58c4ed